 Dungeon Crawl Stone Soup version 0.30-a0-414-gcb316572d5 (webtiles) character file.

Game seed: 3233653789643331470

124 pokeman the Magician (level 4, -3/25 HPs)
             Began as a Deep Elf Hedge Wizard on Dec 7, 2022.
             Killed by miscasting Mephitic Cloud (8 damage)
             ... on level 3 of the Dungeon.
             The game lasted 00:03:44 (3218 turns).

pokeman the Magician (Deep Elf Hedge Wizard)        Turns: 3218, Time: 00:03:45

Health: -3/25      AC:  4    Str:  7    XL:     4   Next: 81%
Magic:  3/13       EV: 12    Int: 21    God:
Gold:   185        SH:  0    Dex: 20    Spells: 3/14 levels left

rFire   . . .      SeeInvis .    f - +2 dagger (venom)
rCold   . . .      Faith    .    (no shield)
rNeg    . . .      Spirit   .    j - +0 leather armour
rPois   .          Reflect  .    c - +0 hat
rElec   .          Harm     .    (no cloak)
rCorr   .          Rampage  .    i - +0 pair of gloves
Will    .....                    (no boots)
Stlth   ++........               (no amulet)
HPRegen 0.24/turn                u - +6 ring of dexterity
MPRegen 0.13/turn                (no ring)

@: very slightly contaminated
A: no striking features
a: no special abilities


You were on level 3 of the Dungeon.
You visited 1 branch of the dungeon, and saw 4 of its levels.

You collected 185 gold pieces.

Inventory:

Hand Weapons
 f - a +2 dagger of venom (weapon)
Armour
 c - a +0 hat (worn)
 i - a +0 pair of gloves (worn)
 j - a +0 leather armour (worn)
Jewellery
 u - a +6 ring of dexterity (left hand)
Scrolls
 b - a scroll of blinking {unknown}
 e - 3 scrolls of amnesia {unknown}
 m - 2 scrolls of enchant armour {unknown}
 n - 4 scrolls of teleportation {unknown}
 o - 2 scrolls of enchant weapon {unknown}
 r - a scroll of magic mapping {unknown}
 s - a scroll of identify {unknown}
 t - a scroll of fear {unknown}
Potions
 a - a potion of degeneration {unknown}
 d - a potion of magic
 g - 2 potions of heal wounds {unknown}
 h - 2 potions of attraction {unknown}
 k - a potion of curing {unknown}
 l - a potion of brilliance {unknown}
 p - a potion of lignification {unknown}
 q - a potion of mutation {unknown}


   Skills:
 - Level 1.0 Fighting
 - Level 1.0 Armour
 + Level 2.9 Dodging
 - Level 3.0 Stealth
 * Level 5.9 Spellcasting
 + Level 2.4 Conjurations
 - Level 1.1 Summonings
 - Level 1.1 Translocations
 + Level 0.0 Poison Magic


You had 3 spell levels left.
You knew the following spells:

 Your Spells              Type           Power      Damage    Failure   Level
a - Magic Dart            Conj           64%        1d6       5%          1
b - Mephitic Cloud        Conj/Pois/Air  9%         N/A       30%         3
c - Call Imp              Summ           10%        N/A       14%         2
d - Blink                 Tloc           20%        N/A       14%         2
e - Stone Arrow           Conj/Erth      22%        3d8       26%         3

Your spell library contained the following spells:

 Spells                   Type           Power      Damage    Failure   Level
 Sandblast                Erth           12%        2d6       14%         1
 Slow                     Hex            24%        N/A       14%         1
 Cigotuvi's Dreadful Rot  Necr/Pois/Air  12%        N/A       22%         2
 Passwall                 Tmut/Erth      5%         N/A       22%         2
 Confusing Touch          Hex            6%         N/A       41%         3
 Vampiric Draining        Necr           6%         2d6       41%         3


Dungeon Overview and Level Annotations

Branches:
Dungeon (4/15)
 Temple: D:4-7

Altars:

Annotations:
D:4 3 runed translucent doors, purpskrrrp's ghost, novice FoHu


Message History

Unknown command.
Unknown command.
Casting: Mephitic Cloud (extremely dangerous; 30% risk of failure)
Confirm with . or Enter, or press ? or * to list all spells.
The spell is extremely dangerous to miscast (30% risk of failure)!
Continue anyway?
Aiming: Mephitic Cloud (extremely dangerous; 30% risk of failure)
Press: ? - help, Shift-Dir - straight line, f/p - gnoll
Aim: a gnoll, wielding a +0 whip (confused, chance to affect: 91%)
You miscast Mephitic Cloud.
You are very lightly contaminated with residual magic.
Nothing appears to happen.
The water moccasin hisses angrily.
Unknown command.
The gnoll is engulfed in noxious fumes.
The gnoll appears confused.
The gnoll barely misses the gnoll.
The gnoll hits you with a +0 spear!
The endoplasm jiggles.
The hound closely misses you. The gnoll closely misses you.
There is a stone staircase leading up, spattered with blood here.
Unknown command.
Unknown command.
The hound bites you.
The gnoll hits you from afar with a +0 spear!
The gnoll barely misses you.
You climb upwards.
There is a stone staircase leading down here.
Unknown command.
Unknown command.
The gnoll hits you with a +0 spear.
* * * LOW HITPOINT WARNING * * *
The hound misses you. The gnoll hits you but does no damage.
Casting: Mephitic Cloud (extremely dangerous; 30% risk of failure)
Confirm with . or Enter, or press ? or * to list all spells.
The spell is extremely dangerous to miscast (30% risk of failure)!
Continue anyway?
Aiming: Mephitic Cloud (extremely dangerous; 30% risk of failure)
Press: ? - help, Shift-Dir - straight line, f - hound
Aim: a hound (chance to affect: 86%) That beam is likely to hit you.
Continue anyway?
You miscast Mephitic Cloud.
You feel a strange surge of energy!
You die...

################## #####
#<..........>h@..##########....
############g##................
#...........#.##########..[..
#.########....## #........ #.#
#.....# #.###.... #.#
###..#..### #.###..## #.#
#.........# #.#....## #.#
#......##.# #.#..#...
#.######......##.####.#..#.#.


You could see a hound and a gnoll.

Vanquished Creatures
  5 adders
  A worm (D:2)
  2 dart slugs (D:2)
  6 orcs (D:3)
  6 endoplasms
  A giant cockroach (D:2)
  8 goblins
  3 hobgoblins
  4 jackals (D:2)
  5 kobolds
  3 quokkas
  8 ball pythons
  7 bats
  3 frilled lizards
  5 rats
67 creatures vanquished.

Notes
Turn   | Place    | Note
-------+----------+-------------------------------------------
     0 | D:1      | pokeman the Deep Elf Hedge Wizard began the quest for the
                  | Orb.
     0 | D:1      | Reached XP level 1. HP: 10/10 MP: 7/7
   409 | D:1      | Reached XP level 2. HP: 15/15 MP: 3/9
  1279 | D:1      | Reached skill level 5 in Spellcasting
  1421 | D:2      | Reached XP level 3. HP: 17/20 MP: 8/11
  1425 | D:2      | Learned a level 3 spell: Mephitic Cloud
  1428 | D:2      | Learned a level 2 spell: Call Imp
  1431 | D:2      | Learned a level 2 spell: Blink
  1706 | D:2      | Reached skill level 1 in Fighting
  1706 | D:2      | Reached skill level 1 in Armour
  1827 | D:2      | Reached XP level 4. HP: 25/25 MP: 8/13
  2163 | D:2      | Learned a level 3 spell: Stone Arrow
  3203 | D:4      | Noticed a phantom
  3203 | D:4      | Found a runed translucent gate.
  3203 | D:4      | Found a runed translucent gate.
  3203 | D:4      | Found a runed translucent gate.
  3208 | D:4      | Noticed purpskrrrp's ghost (novice FoHu)
  3210 | D:4      | Noticed a water moccasin
  3210 | D:4      | Noticed a phantom
  3218 | D:3      | Killed by miscasting Mephitic Cloud

Illustrated notes

Levels and vault maps discovered:
D:1:      doesnt_arrival_eight_statues, layout_basic, dk_noncrumbling_2,
          nicolae_titane
D:2:      minmay_spotlight, layout_rooms
D:3:      layout_basic
D:4:      layout_rooms, gammafunk_ghost_split, serial_shops,
          nicolae_square_shop, gup_sewer_entry_pipe

Skill      XL: |  1  2  3  4 |
---------------+-------------+-----
Spellcasting   | 5 |  5.9
Fighting       | 1 |  1.0
Armour         | 1 |  1.0
Conjurations   | 2 |  2.4
Stealth        | 3 |  3.0
Dodging        | |  2.9
Summonings     | |  1.1
Translocations | |  1.1

Action                   |  1- 3 |  4- 6 || total
-------------------------+-------+-------++-------
Melee: Dagger            |    10 |     3 ||    13
 Cast: Magic Dart        |    91 |    61 ||   152
       Mephitic Cloud    |       |     1 ||     1
Armor: Leather armour    |     9 |     4 ||    13
Dodge: Dodged            |     8 |     9 ||    17

Table legend: (Time is in decaauts)
 A = Elapsed time spent in this place.
 B = Non-inter-level travel time spent in this place.
 C = Inter-level travel time spent in this place.
 D = Time resting spent in this place.
 E = Time spent auto-exploring this place.
 F = Levels seen in this place.
 G = Mean time per level.
                   A        B        C        D        E       F      G
               +--------+--------+--------+--------+--------+-----+--------+
         Total |   3216 |   3159 |     57 |      0 |   2793 |   4 |  804.0 |
       Dungeon |   3216 |   3159 |     57 |      0 |   2793 |   4 |  804.0 |
               +--------+--------+--------+--------+--------+-----+--------+

Top non-repeatable levels by time:
     D:1: 1344 daAuts
     D:3: 997 daAuts
     D:2: 862 daAuts
     D:4: 11 daAuts
